 Dungeon Crawl Stone Soup version 0.17.2-1-ge4368a0 (webtiles) character file.

77 magog001 the Skirmisher (level 4, 0/40 HPs)
             Began as a Hill Orc Fighter on Oct 19, 2016.
             Succumbed to an orc wizard's poison
             ... on level 3 of the Dungeon.
             The game lasted 00:14:58 (2949 turns).

magog001 the Skirmisher (Hill Orc Fighter)          Turns: 2949, Time: 00:14:58

Health: 0/40       AC: 10    Str: 19    XL:     4   Next: 34%
Magic:  4/4        EV:  5    Int:  8    God:
Gold:   121        SH:  9    Dex: 10    Spells: 0 memorised, 3 levels left

rFire  . . .     SeeInvis .     a - +0 trident
rCold  . . .     Clarity  .     h - +0 chain mail
rNeg   . . .     SustAt   .     c - +0 shield
rPois  .         Gourm    .     (no helmet)
rElec  .         Spirit   .     o - +0 cloak
rCorr  .         Warding  .     (no gloves)
rMut   .         Stasis   .     (no boots)
MR     .....                    (no amulet)
Stlth  ..........               (no ring)
                                (no ring)

@: lethally poisoned (0 -> -44), not resistant to hostile enchantments,
extremely unstealthy
A: no striking features
a: no special abilities


You were on level 3 of the Dungeon.
You were not hungry.

You visited 1 branch of the dungeon, and saw 3 of its levels.

You collected 121 gold pieces.

Inventory:

Hand Weapons
 a - a +0 trident (weapon)
 A - a +0 blowgun
Missiles
 b - 49 arrows
 q - 5 javelins (quivered)
 v - 28 bolts
 w - 18 arrows of frost
 B - 13 poisoned needles
Armour
 c - a +0 shield (worn)
 h - a +0 chain mail (worn)
 o - a +0 cloak (worn)
Jewellery
 u - an uncursed ring of poison resistance {unknown}
Scrolls
 f - a scroll of amnesia {unknown}
 g - a scroll of recharging
 i - 2 scrolls of enchant armour {unknown}
 l - a scroll of magic mapping {unknown}
 n - 2 scrolls of identify {unknown}
 p - a scroll of noise {unknown}
 y - 4 scrolls of remove curse {unknown}
Potions
 d - a potion of might
 e - a potion of flight {unknown}
 j - a potion of cancellation {unknown}
 m - a potion of agility {unknown}
 t - a potion of curing {unknown}
 z - a potion of degeneration {unknown}
Comestibles
 r - a bread ration
 s - a chunk of flesh
 x - a meat ration


   Skills:
 + Level 4.3 Fighting
 + Level 2.6 Polearms
 + Level 3.8 Armour
 + Level 0.7 Dodging
 + Level 4.1 Shields


You had 3 spell levels left.
You didn't know any spells.

Dungeon Overview and Level Annotations

Branches:
Dungeon (3/15)

Altars:
Cheibriados
Xom


Message History

The orc wizard is severely wounded.
* * * LOW HITPOINT WARNING * * *
You feel very sick. You block the orc wizard's attack.
The orc wizard closely misses you.
You hit the orc wizard.
The orc wizard is severely wounded.
* * * LOW HITPOINT WARNING * * *
You feel sick. You block the orc wizard's attack.
The orc wizard hits you but does no damage.
You are more poisoned.
You closely miss the orc wizard.
The orc wizard is severely wounded.
* * * LOW HITPOINT WARNING * * *
You feel very sick.
The orc wizard hits you with a dagger of venom.
* * * LOW HITPOINT WARNING * * *
You are more poisoned.
The orc wizard hits you but does no damage.
You are more poisoned.
You die...

#.# ##### #.# ...####.#
#####.#..).#
........##.#
####...§##.# ###
.......o##.# ..#
####...oo..# ..##
#....##@###
..##.#####.........#
..##.....#....##.#.#
#.#####....##.##.#.#####
....#.#....#<.##.#.....#
#..........#####.#####.#
.##.#.##.#.# #.# #†#
.##.#.##.#.#####.#####.#
.................>.....#


You could see 2 orc wizards and an orc.

Vanquished Creatures
  3 adders
  2 giant geckos (D:1)
  An orc (D:3)
  A giant cockroach (D:2)
  5 goblins
  9 hobgoblins
  3 jackals (D:1)
  7 kobolds
  A ball python (D:2)
  6 bats
  6 giant newts
  6 rats
50 creatures vanquished.

Notes
Turn   | Place    | Note
--------------------------------------------------------------
     0 | D:1      | magog001 the Hill Orc Fighter began the quest for the Orb.
     0 | D:1      | Reached XP level 1. HP: 19/19 MP: 1/1
    72 | D:1      | Reached XP level 2. HP: 20/27 MP: 2/2
    83 | D:1      | Reached skill level 4 in Fighting
   609 | D:1      | Reached XP level 3. HP: 31/33 MP: 3/3
  2102 | D:2      | Reached XP level 4. HP: 27/40 MP: 4/4
  2420 | D:2      | Found a shimmering altar of Xom.
  2421 | D:2      | Found a snail-covered altar of Cheibriados.
  2949 | D:3      | Succumbed to an orc wizard's poison

Action                   |  1- 3 |  4- 6 || total
-------------------------+-------+-------++-------
Melee: Trident           |   196 |    36 ||   232
Throw: Javelin           |       |     1 ||     1
  Use: Scroll            |     1 |       ||     1
       Potion            |       |     3 ||     3
  Eat: Bread ration      |     1 |       ||     1
       Chunk             |       |     2 ||     2
